 Dungeon Crawl Stone Soup version 0.23.0-3-gf3c87f2df8 (webtiles) character file.

Game seed: 3843176217401462575

42 Esekla the Poker (level 3, -1/20 HPs)
             Began as a Tengu Wanderer on Feb 22, 2019.
             Killed by divine providence
             ... invoked by an orc priest
              (15 damage)
             ... on level 3 of the Dungeon.
             The game lasted 00:11:21 (1396 turns).

Esekla the Poker (Tengu Wanderer)                   Turns: 1396, Time: 00:11:22

Health: -1/20      AC:  3    Str: 11    XL:     3   Next: 54%
Magic:  6/6        EV: 10    Int: 14    God:
Gold:   45         SH:  0    Dex: 13    Spells: 0/4 levels left

rFire    + . .     SeeInvis .   c - +0 spear
rCold    . . .     Gourm    .   (no shield)
rNeg     . . .     Faith    .   i - +0 leather armour {rF+}
rPois    .         Spirit   .   (helmet restricted)
rElec    .         Reflect  .   (no cloak)
rCorr    .         Harm     .   (no gloves)
MR       .....                  (boots unavailable)
Stlth    +.........             (no amulet)
HPRegen  0.06/turn              (no ring)
MPRegen  0.10/turn              (no ring)

@: confused
A: beak, talons 3
a: no special abilities


You were on level 3 of the Dungeon.
You were not hungry.

You visited 1 branch of the dungeon, and saw 3 of its levels.

You collected 45 gold pieces.

Inventory:

Hand Weapons
 c - a +0 spear (weapon)
 e - a +0 dagger
Missiles
 a - 8 tomahawks (quivered)
Armour
 d - a +0 robe
 i - a +0 leather armour of fire resistance (worn)
Scrolls
 b - a scroll of amnesia {unknown}
 g - a scroll of noise {unknown}
 k - a scroll of random uselessness {unknown}
 m - a scroll of enchant armour {unknown}
 n - a scroll of remove curse {unknown}
Potions
 f - a potion of resistance {unknown}
 h - a potion of haste {unknown}
 j - a potion of flight {unknown}
 l - 2 potions of brilliance {unknown}
 o - a potion of curing {unknown}


   Skills:
 + Level 1.3 Fighting
 * Level 0.4 Short Blades
 - Level 3.2 Polearms
 + Level 0.2 Armour
 - Level 3.0 Stealth
   Level 1.0 Shields
 + Level 1.4 Spellcasting
 * Level 0.1 Conjurations
 + Level 1.7 Hexes


You couldn't memorise any spells.
You knew the following spells:

 Your Spells              Type           Power        Failure   Level  Hunger
a - Corona                Hex            #......      16%         1    ##.....
d - Dazzling Spray        Conj/Hex       #.....       56%         3    ####...

Your spell library contained the following spells:

 Spells                   Type           Power        Failure   Level  Hunger
 Summon Butterflies       Summ           #.......     32%         1    ##.....
 Ensorcelled Hibernation  Hex/Ice        #.....       34%         2    ###....
 Confuse                  Hex            #.......     43%         3    ####...
 Tukima's Dance           Hex            #.......     43%         3    ####...
 Recall                   Summ/Tloc      N/A          69%         3    ####...


Dungeon Overview and Level Annotations

Branches:
Dungeon (3/15)

Altars:
Cheibriados


Innate Abilities, Weirdness & Mutations

You have a beak for a mouth.
You have claws for feet.


Message History

Okay, then.
You're too confused!
The orc wizard casts a spell at you. The puff of flame misses you.
You miss the orc wizard.
The orc wizard is moderately wounded.
The orc wizard mumbles some strange words.
The orc wizard flickers and vanishes!
Deactivating autopickup; reactivate with Ctrl-A.
You completely miss something. Something hits you but does no damage.
The orc priest hits you.
You closely miss the orc priest.
You claw the orc priest, but do no damage.
You peck the orc priest.
The orc priest is lightly wounded.
Something hits you but does no damage.
The orc priest calls down the wrath of Beogh upon you.
Beogh smites you!
Ouch! That really hurt!
You die...

#..%.....#
#...b.b..##.
#..o........
#K## #.)#
##.## #..#
######)##
#..@{...#
#...o...#
#.......## .#
#....(...# .#
#....†.#.##.#
#......#.##.#
#......#..#.#
#......##.#.#
######
#......##...#
#...s#


You could see an orc priest.

Vanquished Creatures
  An adder (D:2)
  A dart slug (D:2)
  2 leopard geckos
  An orc (D:3)
  A ball python (D:1)
  3 giant cockroaches
  4 goblins
  4 hobgoblins (D:1)
  A bat (D:3)
  4 frilled lizards
  3 kobolds
  4 rats
29 creatures vanquished.

Notes
Turn   | Place    | Note
-------+----------+-------------------------------------------
     0 | D:1      | Esekla the Tengu Wanderer began the quest for the Orb.
     0 | D:1      | Esekla set off with the following items: a +0 spear, a +0
                  | robe, a +0 dagger, a ration; and the following spells
                  | available to memorise: Corona, Summon Butterflies,
                  | Ensorcelled Hibernation, Confuse, Tukima's Dance, Dazzling
                  | Spray, Recall
     0 | D:1      | Reached XP level 1. HP: 12/12 MP: 3/3
     4 | D:1      | Learned a level 1 spell: Corona
   405 | D:1      | Reached XP level 2. HP: 16/16 MP: 4/4
   728 | D:1      | Found a snail-covered altar of Cheibriados.
  1108 | D:2      | Reached XP level 3. HP: 15/20 MP: 6/6
  1120 | D:2      | Learned a level 3 spell: Dazzling Spray
  1396 | D:3      | Killed from afar by an orc priest

Skill      XL: |  1  2 |
---------------+-------+-----
Polearms       | 3 |  3.2
Fighting       | |  1.3
Short Blades   | |  0.4
Armour         | |  0.2
Stealth        | |  3.0
Shields        | |  1.0
Spellcasting   | |  1.4
Conjurations   | |  0.1
Hexes          | |  1.7

Action                   || total
-------------------------++-------
Melee: Spear             ||    69
       Kick              ||    13
       Peck              ||     8
       Dagger            ||    12
 Cast: Corona            ||     1
 Stab: Distracted        ||     1
       Sleeping          ||     4
  Eat: Ration            ||     1
Armor: Leather armour    ||    12
       Robe              ||     1
Dodge: Dodged            ||    24
